 Dungeon Crawl Stone Soup version 0.25.0-9-g26727b6 (webtiles) character file.

Game seed: 4886036342469707137

734154 Faca the Hoplite (level 27, -12/176 HPs)
             Began as a Gargoyle Fighter on June 16, 2020.
             Was the Champion of Okawaru.
             Killed from afar by a Hell Sentinel (31 damage)
             ... with damnation
             ... led by Yptous
             ... on level 15 of the Dungeon on June 18, 2020.
             The game lasted 03:41:43 (79707 turns).

Faca the Hoplite (Gargoyle Fighter)                Turns: 79707, Time: 03:41:44

Health: -12/176    AC: 67    Str: 35    XL:     27
Magic:  30/32      EV: 12    Int: 19    God:    Okawaru [******]
Gold:   12166      SH: 41    Dex:  5    Spells: 26/26 levels left

rFire    + + +     SeeInvis +   d - +9 sacred scourge (holy)
rCold    + + .     Gourm    .   M - +8 tower shield {reflect}
rNeg     + + +     Faith    .   L - +7 gold dragon scales
rPois    ∞         Spirit   .   R - +0 mask of the Dragon {MR+ Slay+3 SInv}
rElec    +         Reflect  +   v - +2 cloak {rCorr}
rCorr    +         Harm     .   V - +2 pair of gloves {Str+3}
MR       +++++                  r - +2 pair of boots of Defence {rElec rN+ Int+7}
Stlth    ..........             N - amulet of reflection
HPRegen  0.39/turn              H - ring of Veacwaeng {+Inv rPois rN+ MR+}
MPRegen  0.23/turn              m - ring "Ischoimn" {rF+ Int+4}

@: mighty, heroism, finesse, slowed, studying Throwing, very slow
A: big wings, blurry vision 1, clumsy 2, cold resistance 1, dopey 1, fire
resistance 1, frail 1, low mp 1, magic resistance 1, negative energy resistance
1, screaming 1, electricity resistance, unbreathing, petrification resistance,
rot immunity, AC +20
0: Orb of Zot
}: 4/15 runes: decaying, slimy, silver, gossamer
a: Fly, Heroism, Finesse, Renounce Religion, Evoke Invisibility


You were on level 15 of the Dungeon.
You worshipped Okawaru.
Okawaru was exalted by your worship.
You were not hungry.

You visited 11 branches of the dungeon, and saw 57 of its levels.
You visited the Abyss 1 time.
You visited 1 bazaar.
You also visited: Bailey, Ice Cave and Desolation.

You collected 14865 gold pieces.
You spent 2699 gold pieces at shops.

Inventory:

Hand Weapons
 d - a +9 sacred scourge of holy wrath (weapon)
 D - a +9 vorpal demon whip
Missiles
 u - 52 silver javelins (quivered)
 C - 7 throwing nets
 K - 51 javelins
Armour
 n - a scarf of resistance
 r - the +2 pair of boots of Defence (worn) {rElec rN+ Int+7}
   (Okawaru gifted it to you on level 3 of the Depths)

   It affects your intelligence (+7).
   It insulates you from electricity.
   It protects you from negative energy.
 v - a +2 cloak of preservation (worn)
 L - +7 gold dragon scales (worn)
 M - a +8 tower shield of reflection (worn)
 R - the +0 mask of the Dragon (worn) {MR+ Slay+3 SInv}
   (You found it on level 2 of the Depths)

   It affects your accuracy and damage with ranged weapons and melee attacks
   (+3).
   It affects your resistance to hostile enchantments.
   It lets you see invisible.
 V - a +2 pair of gloves of strength (worn)
Jewellery
 a - the amulet "Gomiukim" {RegenMP rElec rF+ SInv}
   (You found it on level 2 of the Crypt)

   [amulet of magic regeneration]

   It increases your magic regeneration.
   It protects you from fire.
   It insulates you from electricity.
   It lets you see invisible.
 b - the ring of Pyromania {rC+ rN+ rCorr}
   (You found it in the Desolation of Salt)

   [ring of resist corrosion]

   It protects you from cold.
   It protects you from negative energy.
   It provides partial protection from all sources of acid and corrosion.
 m - the ring "Ischoimn" (right hand) {rF+ Int+4}
   (You found it on level 2 of the Depths)

   [ring of protection from fire]

   It affects your intelligence (+4).
   It protects you from fire.
 B - the amulet of the Four Winds {rN+ MR+++ Clar}
   (You bought it in a shop on level 1 of the Depths)

   [amulet of nothing]

   It protects you from negative energy.
   It affects your resistance to hostile enchantments.
   It protects you against confusion.
 H - the ring of Veacwaeng (left hand) {+Inv rPois rN+ MR+}
   (You took it off a deep elf sorcerer on level 3 of the Elven Halls)

   [ring of positive energy]

   It protects you from poison.
   It protects you from negative energy.
   It affects your resistance to hostile enchantments.
   It lets you turn invisible.
 N - an amulet of reflection (around neck)
Wands
 F - a wand of digging (25)
Scrolls
 c - 4 scrolls of enchant weapon
 e - 14 scrolls of immolation
 i - 23 scrolls of teleportation
 j - 8 scrolls of magic mapping
 o - a scroll of torment
 t - 19 scrolls of identify
 w - 5 scrolls of blinking
 y - 10 scrolls of fog
 A - 21 scrolls of remove curse
 G - a scroll of holy word
 J - 4 scrolls of summoning
 O - 9 scrolls of fear
 Q - 3 scrolls of brand weapon
Potions
 g - 13 potions of haste
 h - 3 potions of ambrosia
 k - 23 potions of curing
 q - 3 potions of might
 s - 2 potions of resistance
 x - 6 potions of lignification
 z - 5 potions of cancellation
 E - 6 potions of invisibility
 P - a potion of berserk rage
Books
 l - a manual of Throwing
Comestibles
 f - 90 rations


   Skills:
 + Level 26.0(27) Fighting
 + Level 24.2(27) Maces & Flails
 - Level 10.0(15.0) Throwing
 + Level 24.8(27) Armour
 - Level 10.0(15.0) Dodging
 + Level 26.1(27) Shields
 + Level 19.1 Invocations


You had 26 spell levels left.
You didn't know any spells.
Your spell library contained the following spells:

 Spells                   Type           Power        Failure   Level  Hunger
 Animate Skeleton         Necr           N/A          65%         1    ##.....
 Corona                   Hex            #......      65%         1    ##.....
 Foxfire                  Conj/Fire      #...         65%         1    ##.....
 Freeze                   Ice            #...         65%         1    ##.....
 Infusion                 Chrm           #...         65%         1    ##.....
 Magic Dart               Conj           #...         65%         1    ##.....
 Pain                     Necr           #...         65%         1    ##.....
 Sandblast                Erth           #.....       65%         1    ##.....
 Blink                    Tloc           N/A          78%         2    ###....
 Call Imp                 Summ           #.......     78%         2    ###....
 Corpse Rot               Necr/Air       N/A          78%         2    ###....
 Ensorcelled Hibernation  Hex/Ice        #.....       78%         2    ###....
 Passwall                 Tmut/Erth      #.......     78%         2    ###....
 Poisonous Vapours        Pois/Air       #.....       78%         2    ###....
 Shroud of Golubria       Chrm/Tloc      #.....       78%         2    ###....
 Slow                     Hex            #.......     78%         2    ###....
 Song of Slaying          Chrm           #.......     78%         2    ###....
 Confusing Touch          Hex            #.......     95%         3    ####...
 Conjure Flame            Conj/Fire      #.......     95%         3    ####...
 Dazzling Flash           Conj/Hex       #.....       95%         3    ####...
 Frozen Ramparts          Ice            #.....       95%         3    ####...
 Gell's Gravitas          Tloc           #.........   95%         3    ####...
 Ignite Poison            Fire/Tmut/Pois #.......     95%         3    ####...
 Inner Flame              Hex/Fire       #.......     95%         3    ####...
 Mephitic Cloud           Conj/Pois/Air  #.......     95%         3    ####...
 Ozocubu's Armour         Chrm/Ice       #.......     95%         3    ####...
 Portal Projectile        Hex/Tloc       #.....       95%         3    ####...
 Spectral Weapon          Hex/Chrm       #.......     95%         3    ####...
 Stone Arrow              Conj/Erth      #.....       95%         3    ####...
 Tukima's Dance           Hex            #.......     95%         3    ####...
 Vampiric Draining        Necr           #.........   95%         3    ####...
 Animate Dead             Necr           N/A          100%        4    #####..
 Cause Fear               Hex            #.........   100%        4    #####..
 Dispel Undead            Necr           #.......     100%        4    #####..
 Hailstorm                Conj/Ice       #.......     100%        4    #####..
 Ice Form                 Ice/Tmut       #.......     100%        4    #####..
 Leda's Liquefaction      Hex/Erth       #.........   100%        4    #####..
 Petrify                  Tmut/Erth      #.......     100%        4    #####..
 Sticky Flame             Conj/Fire      #.......     100%        4    #####..
 Summon Ice Beast         Ice/Summ       #.......     100%        4    #####..
 Summon Lightning Spire   Summ/Air       #.......     100%        4    #####..
 Agony                    Necr           #.......     100%        5    ######.
 Alistair's Intoxication  Tmut/Pois      #.......     100%        5    ######.
 Blade Hands              Tmut           #.........   100%        5    ######.
 Bolt of Magma            Conj/Fire/Erth #.........   100%        5    ######.
 Borgnjor's Vile Clutch   Necr/Erth      #.........   100%        5    ######.
 Excruciating Wounds      Chrm/Necr      #.........   100%        5    ######.
 Fireball                 Conj/Fire      #.........   100%        5    ######.
 Irradiate                Conj/Tmut      #.........   100%        5    ######.
 Iskenderun's Battlesphe  Conj/Chrm      #.......     100%        5    ######.
 Lee's Rapid Deconstruct  Erth           #.........   100%        5    ######.
 Metabolic Englaciation   Hex/Ice        #.........   100%        5    ######.
 Silence                  Hex/Air        #.........   100%        5    ######.
 Yara's Violent Unravell  Hex/Tmut       #.........   100%        5    ######.
 Conjure Ball Lightning   Conj/Air       #.........   100%        6    #######
 Darkness                 Hex            #.........   100%        6    #######
 Eringya's Noxious Bog    Tmut/Pois      #.........   100%        6    #######
 Freezing Cloud           Conj/Ice/Air   #.........   100%        6    #######
 Iron Shot                Conj/Erth      #.........   100%        6    #######
 Ozocubu's Refrigeration  Ice            #.........   100%        6    #######
 Shadow Creatures         Summ           N/A          100%        6    #######
 Simulacrum               Ice/Necr       #.........   100%        6    #######
 Starburst                Conj/Fire      #.........   100%        6    #######
 Orb of Destruction       Conj           #.........   100%        7    #######
 Ring of Flames           Chrm/Fire      #.........   100%        7    #######
 Spellforged Servitor     Conj/Summ      #.........   100%        7    #######
 Chain Lightning          Conj/Air       #.........   100%        8    #######
 Discord                  Hex            #.........   100%        8    #######
 Ignition                 Fire           #.........   100%        8    #######
 Lehudib's Crystal Spear  Conj/Erth      #.........   100%        8    #######
 Absolute Zero            Ice            #.........   100%        9    #######
 Fire Storm               Conj/Fire      #.........   100%        9    #######
 Tornado                  Air            #.........   100%        9    #######
 Sublimation of Blood     Necr           Unusable     N/A         2    N/A
 Statue Form              Tmut/Erth      Unusable     N/A         6    N/A

Dungeon Overview and Level Annotations

Branches:
Dungeon (15/15)            Temple (0/1) D:6            Lair (6/6) D:9
  Swamp (4/4) Lair:2       Spider (4/4) Lair:3        Slime (5/5) Lair:5
    Orc (2/2) D:12            Elf (3/3) Orc:2        Vaults (5/5) D:13
  Crypt (3/3) Vaults:3       Tomb (0/3) Crypt:3      Depths (5/5) D:15
    Zot (5/5) Depths:5     Bailey (visited)           IceCv (visited)
Desolation (visited)

Altars:
Ashenzari
Dithmenos
Fedhas
Hepliaklqana
Kikubaaqudgha
Nemelex Xobeh
Okawaru
Ru
Uskayaw
Wu Jian
Xom
Yredelemnul
Zin
The Shining One
Beogh
Jiyva

Shops:
D:5 }   D:13 !!?(   Orc:2 (:([   Elf:2 (}   Vaults:1 }   Vaults:4 %
Vaults:5 %?%}!**}   Depths:1 %}=}   Depths:2 :   Depths:4 %*

Portals:
Hell: Depths:1 Depths:2 Depths:3 Depths:4 Depths:5
Abyss: Depths:4
Pandemonium: Depths:3
Ziggurat: Depths:4

Annotations:
Zot:2 2 transporters
Zot:4 2 transporters


Innate Abilities, Weirdness & Mutations

You are resistant to torment.
Your stone body is resilient. (AC +20)
You are immune to poison.
Your large and strong wings let you fly indefinitely.
You resist negative energy. (rN+)
You are resistant to electric shocks. (rElec)
You can survive without breathing.
You are immune to petrification.
You are immune to rotting.
Scrolls take you a little longer to read.
You are very clumsy. (Dex -4)
Your flesh is cold resistant. (rC+)
You are dopey. (Int -2)
Your flesh is heat resistant. (rF+)
You are frail. (-10% HP)
Your magical capacity is low. (-10% MP)
You are resistant to hostile enchantments. (MR+)
You occasionally shout uncontrollably at your foes.


Message History

You whack Yptous!
Yptous convulses!
Yptous is heavily wounded.
Yptous gestures at you. The crystal spear hits you!!
* * * LOW HITPOINT WARNING * * *
You block the redback zombie's attack.
You punish Yptous, causing immense pain!!!
Yptous convulses!!!
You kill Yptous!
Okawaru is honoured by your kill.
The redback zombie dissolves into shadows!
The orc warrior dissolves into shadows!
The soldier ant dissolves into shadows!
Something screams, "I shall devour thy brain!"
Isukluim comes into view. It is armed with an electric touch.
The Hell Sentinel gestures at you.
Your +8 tower shield of reflection reflects the iron shot!
The iron shot hits the Hell Sentinel!!
The Hell Sentinel gestures at you.
The sphere of damnation explodes!
The damnation engulfs you!!
You die...

###....#.#.#.#.# #.###.......
.##.#..........# #.# #.###..#
#.#....#.#.#.#.##
###.###.......
##.#.#..........#
#.....#.####.#
#.#.##.#.#.#.#..####.....#.##
#.#
....##......................#
#.#
#...##.#.#.#.#...###.....#..#
#.. #...##.........#.#
#.....#..###.#
#)..#[.#########@#
###.###..##... )=..#.## #1#
#.o....(.... #).#.#<## #.#
#.###..##.## #...###.#
#L#####.###....... #.##.#.##
#&..L&............ #/###.##
#######4#######.## #.# #.#
#.#.......## #.# #.#
##1..######## #.###.# #.23..#
#


You could see Isukluim, a Hell Sentinel and a lich (invisible).

Vanquished Creatures
  the Royal Jelly (Slime:5)
  Mara (Crypt:2)
  8 orbs of fire
  Mennas (Depths:3)
  2 pandemonium lords (D:15)
  10 ancient liches
  Boris (4 times) (Vaults:3 Depths:5 Crypt:2 Crypt:3)
  A curse toe (Zot:1)
  Bai Suzhen (Swamp:3)
  3 Killer Klowns (Zot:5)
  The ghost of WeeknightWizard the Sorcerer, a veteran DEFE of Vehumet (Depths:2)
  Xtahua (Depths:3)
  A shard shrike (Zot:5)
  12 golden dragons
  Nikola (Swamp:3)
  5 caustic shrikes
  Jory (Crypt:2)
  the Enchantress (Depths:1)
  6 liches
  3 electric golems
  15 tentacled monstrosities
  26 Orb Guardians
  A Tzitzimitl (D:15)
  2 deep elf master archers (Elf:3)
  2 deep elf blademasters (Elf:3)
  A titan (Vaults:5)
  A kraken (Abyss:4)
  17 acid blobs
  An Executioner (Abyss:4)
  2 thorn hunters
  4 ancient champions
  4 tengu reavers (Vaults:5)
  5 quicksilver dragons
  6 death cobs
  Gastronok (Lair:1)
  Kirke (D:14)
  5 sphinxes
  The ghost of Aqufomifi the Blocker, an adept GnFi of Okawaru (Swamp:4)
  6 shadow dragons
  7 revenants
  6 draconian monks
  19 storm dragons
  Donald (Elf:1)
  11 azure jellies
  7 fire giants
  13 frost giants
  19 vault wardens
  10 deep elf sorcerers
  An orc warlord (Vaults:3)
  A balrug (Depths:3)
  8 ghost moths
  3 draconian stormcallers
  9 deep elf elementalists (Elf:3)
  6 draconian knights
  3 iron dragons
  An imperial myrmidon (Desolation)
  4 draconian scorchers
  A draconian annihilator (Zot:4)
  5 curse skulls
  6 emperor scorpions
  4 draconian shifters
  15 ironheart preservers
  9 ghouls
  A juggernaut skeleton (Crypt:3)
  A reaper (Depths:3)
  3 war gargoyles
  5 entropy weavers
  3 spriggan defenders (Depths:1)
  31 stone giants
  3 vampire knights
  18 very ugly things
  8 black draconians
  5 green draconians
  14 deep elf demonologists
  A dire elephant (Lair:6)
  8 spark wasps
  7 yellow draconians
  4 halazid warlocks (Desolation)
  10 red draconians
  2 pale draconians (Depths:5)
  9 purple draconians
  A spark wasp (shapeshifter) (Depths:1)
  7 eidola
  6 deep elf annihilators
  4 white draconians
  A merfolk impaler (Depths:5)
  A crystal guardian (Desolation)
  3 death oozes (Slime:5)
  13 ettins
  A blizzard demon (Depths:3)
  19 fire dragons
  14 deep elf death magi
  14 yaktaur captains
  A merfolk javelineer (Depths:5)
  12 great orbs of eyes
  9 deep elf high priests
  9 jiangshi
  Fannar (D:11)
  4 ragged hierophants (Desolation)
  18 hydras
  11 servants of whispers (Desolation)
  3 rakshasas
  Erica (D:11)
  13 ice dragons
  37 vault guards
  A spectral shadow dragon (Crypt:3)
  11 spriggan air magi
  A catoblepas (Lair:6)
  4 peacekeepers (Desolation)
  2 ghost crabs
  A shambling mangrove (Swamp:2)
  18 ogre magi
  5 deep troll shamans
  9 alligators
  10 centaur warriors
  12 death yaks
  3 death knights
  44 two-headed ogres
  39 dancing weapons
  A merfolk aquamancer (Depths:2)
  8 deep troll earth magi
  A titan zombie (Crypt:1)
  2 vampire magi
  8 spriggan berserkers
  7 orc high priests
  Urug (Lair:3)
  18 tengu warriors
  9 soul eaters
  32 deep elf knights
  2 fire crabs (Swamp:4)
  4 hell knights (Depths:2)
  3 sun demons (Depths:3)
  13 skeletal warriors
  16 shadow wraiths
  3 spriggan druids
  An iron troll (Depths:3)
  A sea snake (shapeshifter) (Vaults:3)
  An iron giant zombie (Crypt:1)
  2 swamp dragons (Swamp:4)
  2 unseen horrors (Vaults:1)
  A ghost moth zombie (Crypt:2)
  A golden dragon zombie (Crypt:3)
  A shadow demon (Zot:1)
  2 anaconda zombies (Crypt:2)
  6 flayed ghosts
  23 deep trolls
  2 quicksilver dragon simulacra (Depths:3)
  A spectral hydra (Crypt:3)
  7 wizards
  Pikel (D:5)
  24 ironbrand convokers
  2 tengu zombies
  10 glowing orange brains
  20 phantasmal warriors
  21 deep elf archers
  25 orc knights
  8 necromancers
  A lindwurm (Swamp:4)
  69 deep elf magi
  3 oklob plants (Depths:4)
  A wolf spider (shapeshifter) (Vaults:5)
  A sphinx zombie (Vaults:4)
  7 cyclopes
  17 orb spiders
  2 stone giant zombies
  24 ugly things
  8 orc sorcerers
  A fire giant zombie (Depths:2)
  A shining eye (Slime:3)
  An iron dragon zombie (Crypt:2)
  30 wolf spiders
  A spectral fire dragon (Crypt:3)
  58 slime creatures
  10 elephants
  Maurice (D:8)
  A gargoyle (D:13)
  24 moths of wrath
  3 stone giant skeletons
  4 ice statues
  5 eyes of devastation
  A frost giant skeleton (Crypt:3)
  8 rust devils (Depths:3)
  2 guardian serpents (Desolation)
  Joseph (D:7)
  3 centaur skeletons
  18 vault sentinels
  An orange demon (Zot:5)
  2 molten gargoyles (Desolation)
  11 spiny frogs
  2 black mambas
  A yaktaur zombie (Vaults:4)
  A dire elephant skeleton (Crypt:2)
  4 komodo dragons
  A kobold demonologist (Depths:2)
  4 rime drakes
  3 efreet
  A human zombie (Vaults:4)
  36 yaktaurs
  3 red devils (Depths:3)
  9 demonic crawlers
  20 freezing wraiths
  5 tengu conjurers
  A spectral harpy (Crypt:3)
  4 trolls
  17 jumping spiders
  2 ice devils
  3 meliai (Spider:1)
  12 tyrant leeches
  13 polar bears
  3 hippogriffs
  20 hornets
  30 blink frogs
  56 saltlings (Desolation)
  An ettin zombie (Crypt:2)
  2 meliai zombies
  12 bog bodies
  A hornet (shapeshifter) (Vaults:3)
  A spectral manticore (Crypt:3)
  23 flying skulls
  Sigmund (D:3)
  An ettin skeleton (Crypt:2)
  An alligator skeleton (Crypt:2)
  A fire dragon skeleton (Crypt:3)
  90 redbacks
  A spriggan (shapeshifter) (Vaults:2)
  A black mamba zombie (Crypt:2)
  14 spriggans
  10 water elementals
  26 shadows
  3 fire elementals (Elf:1)
  18 yaks
  37 tarantellas
  A human (D:13)
  11 wraiths
  3 fire bats (Swamp:4)
  12 golden eyes
  A human (shapeshifter) (Vaults:1)
  A wyvern (shapeshifter) (Vaults:5)
  2 basilisks
  Menkaure (D:5)
  3 hogs (D:14)
  4 steam dragons
  8 vampire mosquitoes
  14 two-headed ogre zombies (Orc:1)
  6 hungry ghosts
  A faun zombie (Crypt:3)
  12 wargs
  2 spectral spiny frogs (Crypt:3)
  A deep troll zombie (Crypt:3)
  14 insubstantial wisps
  13 swamp worms
  3 hell hounds (Depths:3)
  6 acid dragons
  7 water moccasins
  A two-headed ogre skeleton (Crypt:1)
  A floating eye (Slime:2)
  11 porcupines
  19 ice beasts
  10 swamp drakes
  A black bear (shapeshifter) (Vaults:3)
  A spiny frog skeleton (Crypt:2)
  6 ettin simulacra
  A slave (D:5)
  6 black bears (Lair:3)
  74 orc warriors
  4 sky beasts
  2 hornet zombies
  A dream sheep zombie (Crypt:1)
  5 necrophages
  2 eyes of draining
  A swamp dragon zombie (Crypt:3)
  36 ogres
  15 wolves
  2 phantoms
  17 centaurs
  22 crocodiles
  2 gnoll sergeants
  22 bullfrogs
  5 earth elementals
  A glowing shapeshifter simulacrum (Depths:2)
  8 scorpions
  A hornet simulacrum (D:12)
  2 wyvern skeletons
  A yak zombie (Crypt:3)
  A spectral tengu (Crypt:3)
  An orc simulacrum (Vaults:1)
  4 howler monkeys
  A troll skeleton (Crypt:3)
  16 wights
  A spriggan skeleton (Crypt:3)
  6 electric eels
  A bullfrog zombie (D:9)
  A lava snake (Swamp:4)
  6 crimson imps
  4 centaur zombies
  4 jellies
  2 quasits
  A hound (shapeshifter) (Vaults:5)
  2 human simulacra
  A bullfrog skeleton (D:12)
  5 hounds
  A gnoll shaman (Orc:2)
  50 orc priests
  An iron imp (Depths:4)
  Jessica (D:2)
  13 worker ants
  Natasha (twice) (D:2)
  8 iguanas
  48 orc wizards
  A demigod zombie (Crypt:3)
  A felid zombie (Crypt:1)
  2 ogre zombies (Orc:1)
  2 hound skeletons
  A worker ant zombie (D:8)
  12 gnolls
  A river rat (Lair:2)
  12 adders
  A steam dragon zombie (Crypt:2)
  7 shadow imps
  An adder zombie (D:9)
  2 iguana zombies (Crypt:1)
  2 adder skeletons
  5 worms
  2 dart slugs (D:1)
  16 leopard geckos
  154 orcs
  7 giant cockroaches
  14 goblins
  9 hobgoblins
  11 jackals
  6 kobolds
  8 quokkas
  11 bats
  10 frilled lizards
  A giant cockroach zombie (Crypt:2)
  A gnoll skeleton (Crypt:3)
  A jackal skeleton (Crypt:1)
  A leopard gecko zombie (D:5)
  A quokka skeleton (D:5)
  2 quokka zombies
  5 rats
  A briar patch (Depths:4)
  A bush (D:7)
  4 crawling corpses
  A fungus (Lair:4)
  4 tentacles (Abyss:4)
2843 creatures vanquished.

Vanquished Creatures (others)
  A hydra (Swamp:4)
  A spriggan berserker (Depths:4)
  3 swamp dragons (Swamp:4)
  A phantasmal warrior (Crypt:3)
  A deep elf archer (Elf:2)
  A deep elf mage (Elf:1)
  A saltling (Desolation)
  A bog body (Swamp:3)
  A water elemental (D:15)
  A human (Depths:2)
  3 steam dragons (Swamp:4)
  A hell hound (Depths:3)
  7 swamp drakes (Swamp:4)
  2 orc warriors
  A slave (D:5)
  A scorpion (D:5)
  A wight (D:15)
  An electric eel (D:15)
  2 orc wizards
  An orc (D:5)
  A giant cockroach (D:5)
  8 briar patches
  A bush (Lair:5)
  9 fungi
  8 plants
  4 tentacles (Abyss:4)
  4 withered plants (Swamp:3)
67 creatures vanquished.

Grand Total: 2910 creatures vanquished

Notes
Turn   | Place    | Note
-------+----------+-------------------------------------------
     0 | D:1      | Faca the Gargoyle Fighter began the quest for the Orb.
     0 | D:1      | Reached XP level 1. HP: 14/14 MP: 1/1
   140 | D:1      | Reached XP level 2. HP: 17/19 MP: 2/2
   541 | D:1      | Reached XP level 3. HP: 18/24 MP: 3/3
  1115 | D:2      | Noticed Jessica
  1140 | D:2      | Killed Jessica
  1140 | D:2      | Reached XP level 4. HP: 9/30 MP: 4/4
  1518 | D:2      | Found an ornate altar of the Wu Jian Council.
  1746 | D:2      | Noticed Natasha
  1754 | D:2      | Killed Natasha
  1910 | D:2      | Noticed Natasha
  1923 | D:2      | Killed Natasha
  1923 | D:2      | Reached skill level 5 in Fighting
  1923 | D:2      | Reached XP level 5. HP: 33/35 MP: 5/5
  2066 | D:3      | Found a glowing golden altar of the Shining One.
  2077 | D:3      | Found a basalt altar of Yredelemnul.
  2143 | D:3      | Noticed Sigmund
  2144 | D:3      | Found a sparkling altar of Nemelex Xobeh.
  2151 | D:3      | Killed Sigmund
  2151 | D:3      | Reached XP level 6. HP: 41/41 MP: 6/6
  2327 | D:3      | Found a shadowy altar of Dithmenos.
  2437 | D:3      | Noticed an ice beast
  2464 | D:3      | Killed an ice beast
  2464 | D:3      | Reached skill level 5 in Maces & Flails
  2613 | D:3      | Found a shimmering altar of Xom.
  2649 | D:3      | Reached XP level 7. HP: 47/47 MP: 7/7
  2981 | D:4      | Found an iron altar of Okawaru.
  2989 | D:4      | Became a worshipper of Warmaster Okawaru
  3624 | D:4      | Found a shattered altar of Ashenzari.
  4104 | D:5      | Entered Level 5 of the Dungeon
  4313 | D:5      | Noticed Pikel
  4348 | D:5      | Killed Pikel
  4348 | D:5      | Reached * piety under Okawaru
  4348 | D:5      | Reached ** piety under Okawaru
  4348 | D:5      | Reached XP level 8. HP: 52/55 MP: 8/8
  4556 | D:5      | Noticed Menkaure
  4566 | D:5      | Killed Menkaure
  4758 | D:5      | Found a blossoming altar of Fedhas.
  4768 | D:5      | Reached XP level 9. HP: 60/60 MP: 9/9
  4895 | D:5      | Found Hiun's Gadget Emporium.
  4916 | D:5      | Reached *** piety under Okawaru
  4947 | D:5      | Found a glowing silver altar of Zin.
  5604 | D:6      | Reached skill level 10 in Fighting
  5704 | D:6      | Found a sacrificial altar of Ru.
  5795 | D:6      | Identified the Tome of Congealing Unholy Magic
  6163 | D:6      | Found a staircase to the Ecumenical Temple.
  6663 | D:7      | Noticed Joseph
  6710 | D:7      | Killed Joseph
  6710 | D:7      | Reached **** piety under Okawaru
  6870 | D:7      | Found a blossoming altar of Fedhas.
  6893 | D:7      | Reached XP level 10. HP: 38/69 MP: 10/10
  7036 | D:7      | Reached skill level 10 in Maces & Flails
  7326 | D:8      | Received a gift from Okawaru
  7755 | D:8      | Noticed Maurice
  7772 | D:8      | Killed Maurice
  7909 | D:8      | Noticed a two-headed ogre
  7916 | D:8      | Killed a two-headed ogre
  7916 | D:8      | Reached ***** piety under Okawaru
  7916 | D:8      | Reached skill level 5 in Armour
  7916 | D:8      | Reached skill level 5 in Shields
  8707 | D:9      | Noticed a two-headed ogre
  8721 | D:9      | Killed a two-headed ogre
  8721 | D:9      | Reached XP level 11. HP: 39/76 MP: 8/11
  8946 | D:9      | Found a staircase to the Lair.
  8959 | D:9      | Found a hazy altar of Hepliaklqana.
  9077 | D:9      | Found a hide-covered altar of Uskayaw.
  9240 | D:10     | Entered Level 10 of the Dungeon
  9801 | D:10     | Found a hide-covered altar of Uskayaw.
 10329 | D:11     | Noticed Fannar
 10537 | D:11     | Noticed Erica
 10552 | D:11     | Killed Erica
 10629 | D:11     | Killed Fannar
 10886 | D:11     | Noticed a cyclops
 10918 | D:11     | Killed a cyclops
 11143 | D:11     | Received a gift from Okawaru
 11499 | D:11     | Found a glowing golden altar of the Shining One.
 11666 | D:12     | Found a flagged portal.
 11684 | Bailey   | Entered a bailey
 11861 | Bailey   | Noticed an orc knight
 11872 | Bailey   | Killed an orc knight
 12072 | D:12     | Reached XP level 12. HP: 76/82 MP: 12/12
 12084 | D:12     | Noticed an eight-headed hydra
 12092 | D:12     | Killed an eight-headed hydra
 12193 | D:12     | Received a gift from Okawaru
 12375 | D:12     | Found a staircase to the Orcish Mines.
 12546 | D:12     | Reached ****** piety under Okawaru
 13242 | Lair:1   | Entered Level 1 of the Lair of Beasts
 13498 | Lair:1   | Reached skill level 1 in Invocations
 13517 | Lair:1   | Noticed Gastronok
 13535 | Lair:1   | Killed Gastronok
 14135 | Lair:2   | Found a staircase to the Swamp.
 14136 | Lair:2   | Noticed a seven-headed hydra
 14142 | Lair:2   | Killed a seven-headed hydra
 14142 | Lair:2   | Received a gift from Okawaru
 14152 | Lair:2   | Reached XP level 13. HP: 89/89 MP: 15/15
 15271 | Lair:3   | Reached skill level 10 in Armour
 15280 | Lair:3   | Reached skill level 10 in Shields
 15316 | Lair:3   | Received a gift from Okawaru
 15964 | Lair:3   | Noticed Urug
 15990 | Lair:3   | Killed Urug
 16036 | Lair:3   | Found a hole to the Spider Nest.
 16050 | Lair:3   | Reached skill level 5 in Invocations
 17420 | Lair:5   | Found a staircase to the Slime Pits.
 17458 | Lair:5   | Found a frozen archway.
 17488 | IceCv    | Entered an ice cave
 17746 | IceCv    | Gained mutation: Your large and strong wings let you fly
                  | indefinitely. [Gargoyle growth]
 17746 | IceCv    | Reached XP level 14. HP: 96/96 MP: 18/18
 17896 | IceCv    | Got a bound bone ring
 17909 | IceCv    | Identified the ring "Utarith Cugu" {Int+6 Dex+7} (You found
                  | it in an ice cave)
 18074 | Lair:5   | Received a gift from Okawaru
 18807 | Lair:6   | Entered Level 6 of the Lair of Beasts
 19196 | Lair:5   | Received a gift from Okawaru
 19248 | Lair:6   | Reached skill level 15 in Fighting
 19663 | Lair:6   | Noticed a dire elephant
 19685 | Lair:6   | Killed a dire elephant
 19685 | Lair:6   | Received a gift from Okawaru
 19686 | Lair:6   | Found the +3 warlock's mirror {reflect}
 20004 | Lair:6   | Reached XP level 15. HP: 103/103 MP: 21/21
 20419 | Orc:1    | Entered Level 1 of the Orcish Mines
 20648 | Orc:2    | Entered Level 2 of the Orcish Mines
 20828 | Orc:2    | Found a staircase to the Elven Halls.
 21155 | Orc:2    | Found Meqio's Book Boutique.
 21155 | Orc:2    | Found Oqid's Antique Armour Shop.
 21155 | Orc:2    | Found Ricoumme's Antique Weapon Shop.
 21216 | Orc:2    | Found Bavef's Antique Weapon Boutique.
 21653 | Orc:1    | Paralysed by an orc sorcerer for 3 turns
 22535 | D:13     | Found a roughly hewn altar of Beogh.
 22754 | D:13     | Received a gift from Okawaru
 22816 | D:13     | Found a gate to the Vaults.
 23046 | D:13     | Found Sown's Magic Scroll Boutique.
 23051 | D:13     | Bought a scroll of enchant armour for 112 gold pieces
 23051 | D:13     | Bought a scroll of magic mapping for 52 gold pieces
 23064 | D:13     | Found Noduitof's Distillery.
 23069 | D:13     | Bought a potion of mutation for 112 gold pieces
 23069 | D:13     | Bought 2 potions of heal wounds for 140 gold pieces
 23069 | D:13     | Bought a potion of heal wounds for 70 gold pieces
 23069 | D:13     | Bought a potion of heal wounds for 70 gold pieces
 23069 | D:13     | Bought a potion of haste for 140 gold pieces
 23086 | D:13     | Found Goptiohe's Distillery.
 23208 | D:13     | Found Rianepregh's Weapon Boutique.
 23368 | D:13     | Bought a scroll of torment for 112 gold pieces
 23722 | D:14     | Found an ornate altar of the Wu Jian Council.
 23849 | D:14     | Noticed Kirke
 23851 | D:14     | Found the amulet of Vitality {Regen+ HP+15}
 23867 | D:14     | Killed Kirke
 24310 | D:15     | Entered Level 15 of the Dungeon
 24681 | D:15     | Received a gift from Okawaru
 24681 | D:15     | Reached XP level 16. HP: 89/110 MP: 21/23
 24778 | D:15     | Found a staircase to the Depths.
 24878 | D:15     | Reached skill level 10 in Invocations
 25735 | Swamp:1  | Entered Level 1 of the Swamp
 26626 | Swamp:2  | Reached skill level 15 in Maces & Flails
 27123 | Swamp:2  | Received a gift from Okawaru
 27944 | Swamp:3  | Noticed Bai Suzhen
 27963 | Swamp:3  | Killed Bai Suzhen
 28015 | Swamp:3  | Noticed Nikola
 28063 | Swamp:3  | Killed Nikola
 28444 | Swamp:4  | Entered Level 4 of the Swamp
 28447 | Swamp:4  | Noticed a thorn hunter
 28573 | Swamp:4  | Killed a thorn hunter
 28914 | Swamp:4  | Reached XP level 17. HP: 60/116 MP: 24/24
 29223 | Swamp:4  | Found a runed translucent door.
 29231 | Swamp:4  | Noticed Aqufomifi's ghost (adept GnFi)
 29264 | Swamp:4  | Killed Aqufomifi's ghost
 29664 | Swamp:4  | Identified a scroll of acquirement
 29761 | Swamp:4  | Received a gift from Okawaru
 30152 | Swamp:4  | Got a decaying rune of Zot
 30423 | Spider:1 | Entered Level 1 of the Spider Nest
 31197 | Spider:1 | Found a runed translucent door.
 31222 | Spider:1 | Reached skill level 1 in Throwing
 31889 | Spider:1 | Received a gift from Okawaru
 32171 | Spider:2 | Reached skill level 15 in Armour
 32559 | Spider:2 | Reached skill level 15 in Shields
 33199 | Spider:3 | Reached XP level 18. HP: 117/124 MP: 25/25
 33323 | Spider:3 | Received a gift from Okawaru
 33857 | Spider:4 | Entered Level 4 of the Spider Nest
 35106 | Spider:4 | Reached skill level 5 in Throwing
 35119 | Spider:4 | Received a gift from Okawaru
 35589 | Spider:4 | Received a gift from Okawaru
 35818 | Spider:4 | Got a gossamer rune of Zot
 36101 | Vaults:1 | Entered Level 1 of the Vaults
 36299 | Vaults:1 | Reached XP level 19. HP: 105/130 MP: 26/26
 36782 | Vaults:1 | Found Ynugasie's Gadget Shop.
 37624 | Vaults:1 | Received a gift from Okawaru
 38664 | Vaults:2 | Received a gift from Okawaru
 38700 | Vaults:2 | Received a gift from Okawaru
 38789 | Vaults:2 | Found a flickering gateway to a bazaar.
 38798 | Bazaar   | Entered a bazaar
 38798 | Bazaar   | Found Duhiyl's Antique Armour Shoppe.
 38803 | Bazaar   | Bought a pair of embroidered gloves for 195 gold pieces
 38811 | Bazaar   | Found Wuclajemp's Antique Armour Shoppe.
 38825 | Bazaar   | Found Ituipt's Jewellery Shoppe.
 38918 | Vaults:2 | Found a ruined gateway.
 38936 | Desolati | Entered the Desolation of Salt
 39020 | Desolati | Received a gift from Okawaru
 39363 | Desolati | Received a gift from Okawaru
 39841 | Desolati | Identified Sorer's Disquisition on the Birds
 39885 | Desolati | Reached XP level 20. HP: 137/137 MP: 27/27
 40004 | Desolati | Found the +18 shield of the Gong {rElec rN+ MR+ EV-5}
 40113 | Desolati | Identified the +8 chain mail "Xiekifach" {+Fly rN+ Dex+3}
                  | (You found it in the Desolation of Salt)
 40194 | Desolati | Received a gift from Okawaru
 40492 | Desolati | Got a heavily runed jade ring
 40493 | Desolati | Identified the ring of Pyromania {rC+ rN+ rCorr} (You found
                  | it in the Desolation of Salt)
 41045 | Vaults:2 | Identified the +10 plate armour of the Abyss {Slay+3}
 41156 | Vaults:2 | Found an ancient bone altar of Kikubaaqudgha.
 42005 | Vaults:3 | Noticed Boris
 42032 | Vaults:3 | Killed Boris
 42032 | Vaults:3 | Received a gift from Okawaru
 42152 | Vaults:3 | Received a gift from Okawaru
 42310 | Vaults:3 | Found a staircase to the Crypt.
 42670 | Vaults:3 | Received a gift from Okawaru
 42670 | Vaults:3 | Reached XP level 21. HP: 115/144 MP: 28/28
 43565 | Vaults:3 | Received a gift from Okawaru
 44222 | Vaults:4 | Received a gift from Okawaru
 44516 | Vaults:4 | Cast into level 4 of the Abyss (ironheart preserver)
 44540 | Abyss:4  | Received a gift from Okawaru
 44545 | Abyss:4  | Reached skill level 10 in Throwing
 44553 | Vaults:4 | Escaped the Abyss
 44693 | Vaults:4 | Paralysed by a sphinx for 7 turns
 44707 | Vaults:4 | Received a gift from Okawaru
 45428 | Vaults:4 | Found Wiujof's Food Shoppe.
 46361 | Depths:1 | Entered Level 1 of the Depths
 46482 | Depths:1 | Noticed the Enchantress
 46535 | Depths:1 | Killed the Enchantress
 46557 | Depths:1 | Reached skill level 1 in Dodging
 46562 | Depths:1 | Reached XP level 22. HP: 142/152 MP: 29/29
 46777 | Depths:1 | Received a gift from Okawaru
 47070 | Depths:1 | Found Fimumer's Food Emporium.
 47170 | Depths:1 | Found a gateway to Hell.
 47191 | Depths:1 | Found Jeukh's Jewellery Shoppe.
 47192 | Depths:1 | Found Dithroace's Gadget Boutique.
 47192 | Depths:1 | Found Fedoc's Gadget Boutique.
 47204 | Depths:1 | Bought the amulet of the Four Winds {rN+ MR+++ Clar} for
                  | 614 gold pieces
 47204 | Depths:1 | Found the amulet of the Four Winds {rN+ MR+++ Clar}
 47204 | Depths:1 | Bought an uncursed amulet of magic regeneration for 420
                  | gold pieces
 47205 | Depths:1 | Bought an uncursed ring of poison resistance for 280 gold
                  | pieces
 47408 | Depths:2 | Noticed a caustic shrike
 47408 | Depths:2 | Noticed a golden dragon
 47411 | Depths:2 | Noticed WeeknightWizard's ghost (veteran DEFE)
 48134 | Depths:2 | Found a transporter.
 48289 | Depths:2 | Found a runed door.
 48349 | Depths:2 | Found a transporter.
 48400 | Depths:2 | Identified the +0 robe of Siushemaydgh {rF+ Str+4 Int+4}
 48645 | Depths:2 | Found Tozxoy's Book Boutique.
 49508 | Depths:3 | Noticed a caustic shrike
 49511 | Depths:3 | Noticed a caustic shrike
 49515 | Depths:3 | Noticed a caustic shrike
 49517 | Depths:3 | Noticed a caustic shrike
 49541 | Depths:2 | Killed a caustic shrike
 49541 | Depths:2 | Received a gift from Okawaru
 49550 | Depths:2 | Killed a caustic shrike
 49557 | Depths:2 | Killed a caustic shrike
 49885 | Depths:3 | Killed a caustic shrike
 49885 | Depths:3 | Received a gift from Okawaru
 50048 | Depths:3 | Received a gift from Okawaru
 50084 | Depths:3 | Found an ornate altar of the Wu Jian Council.
 50633 | Depths:3 | Found a one-way gate leading to the halls of Pandemonium.
 50662 | Depths:3 | Found a hazy altar of Hepliaklqana.
 50662 | Depths:3 | Noticed Mennas
 50677 | Depths:3 | Received a gift from Okawaru
 50720 | Depths:3 | Killed Mennas
 50720 | Depths:3 | Received a gift from Okawaru
 50721 | Depths:3 | Found the +2 cloak of the Thief {+Fog Slay-2 SInv Stlth+}
 50843 | Depths:3 | Reached XP level 23. HP: 143/159 MP: 30/30
 50901 | Depths:3 | Reached skill level 5 in Dodging
 51193 | Depths:3 | Found a glowing golden altar of the Shining One.
 51568 | Depths:3 | Noticed a golden dragon
 51587 | Depths:3 | Killed a golden dragon
 51809 | Depths:3 | Identified the +2 scale mail "Vibusixki" {Str+4 Dex-2}
 51877 | Depths:3 | Noticed a golden dragon
 51891 | Depths:3 | Killed a golden dragon
 52230 | Depths:3 | Received a gift from Okawaru
 52246 | Depths:3 | Noticed Xtahua
 52541 | Depths:3 | Killed Xtahua
 52581 | Depths:3 | Identified the +2 pair of boots of Defence {rElec rN+
                  | Int+7} (Okawaru gifted it to you on level 3 of the Depths)
 52741 | Depths:3 | Found an iron altar of Okawaru.
 53066 | Depths:4 | Found Qiwidag's Mayhem Merchandise.
 53476 | Depths:4 | Found a gateway to a ziggurat.
 53508 | Depths:4 | Found a one-way gate to the infinite horrors of the Abyss.
 53648 | Depths:4 | Found Daeduetu's Food Shoppe.
 53981 | Depths:4 | Reached XP level 24. HP: 166/166 MP: 30/30
 54406 | Depths:4 | Received a gift from Okawaru
 54719 | Depths:5 | Entered Level 5 of the Depths
 55296 | Depths:5 | Found a gate to the Realm of Zot.
 55439 | Depths:5 | Noticed Boris
 55451 | Depths:5 | Killed Boris
 55451 | Depths:5 | Received a gift from Okawaru
 56375 | Elf:1    | Entered Level 1 of the Elven Halls
 56554 | Elf:1    | Noticed Donald
 56559 | Elf:1    | Killed Donald
 56629 | Elf:1    | Received a gift from Okawaru
 57238 | Elf:1    | Received a gift from Okawaru
 57581 | Elf:2    | Identified the +2 pair of gloves of Responsibility {rN+
                  | Regen+ Dex+2} (You found it on level 2 of the Elven Halls)
 57601 | Elf:2    | Found Xatrac's Gadget Shoppe.
 57875 | Elf:2    | Found Yriqun's Antique Weapon Emporium.
 57924 | Elf:2    | Reached XP level 25. HP: 141/173 MP: 30/30
 58242 | Elf:2    | Found a runed translucent gate.
 58242 | Elf:2    | Found a runed translucent gate.
 58242 | Elf:2    | Found a runed translucent gate.
 58376 | Elf:2    | Received a gift from Okawaru
 58596 | Elf:2    | Received a gift from Okawaru
 58925 | Elf:3    | Entered Level 3 of the Elven Halls
 59361 | Elf:3    | Identified the +8 falchion of Zota {vorpal, rF+ Str+2}
 59373 | Elf:3    | Identified the ring of Veacwaeng {+Inv rPois rN+ MR+}
 59378 | Elf:3    | Identified the +8 trident of Vaggoqih {venom, rPois rN+
                  | Dex-5}
 59378 | Elf:3    | Identified the ring of Jyukhus {rF- MR+ Dex+4}
 59381 | Elf:3    | Identified the ring "Boil Wei" {*Tele rPois Slay+3}
 59420 | Elf:3    | Received a gift from Okawaru
 59948 | Elf:3    | Identified the Collected Works on Snow and Self-Improvement
 59958 | Elf:3    | Identified the Volume of the Mushroom
 60542 | Vaults:5 | Entered Level 5 of the Vaults
 60794 | Vaults:5 | Gained mutation: You are clumsy. (Dex -2) [a neqoxec]
 60824 | Vaults:5 | Received a gift from Okawaru
 60824 | Vaults:5 | Reached skill level 10 in Dodging
 60877 | Vaults:5 | Reached XP level 26. HP: 79/180 MP: 30/30
 60892 | Vaults:5 | Received a gift from Okawaru
 60962 | Vaults:5 | Received a gift from Okawaru
 62310 | Vaults:5 | Found Kemaet's Magic Scroll Shoppe.
 62329 | Vaults:5 | Found Reuladua's Food Shoppe.
 62334 | Vaults:5 | Received a gift from Okawaru
 62415 | Vaults:5 | Found Qiplitser's Food Shop.
 62437 | Vaults:5 | Received a gift from Okawaru
 62440 | Vaults:5 | Got a distressingly furry hat {god gift}
 62441 | Vaults:5 | Identified the +0 hat of the Two of Wands {Regen+ Int+2}
                  | (Okawaru gifted it to you on level 5 of the Vaults)
 62954 | Vaults:5 | Found Qayni's Gadget Shop.
 62962 | Vaults:5 | Found Heawn's Distillery.
 62963 | Vaults:5 | Found Sikkiuv's General Store.
 62967 | Vaults:5 | Bought a potion of berserk rage for 70 gold pieces
 62967 | Vaults:5 | Bought a potion of haste for 140 gold pieces
 62967 | Vaults:5 | Found Nanez's Gadget Boutique.
 62971 | Vaults:5 | Bought a scroll of blinking for 172 gold pieces
 63050 | Vaults:5 | Found Gaithot's Assorted Antiques.
 63059 | Vaults:5 | Got a silver rune of Zot
 64068 | Depths:2 | Killed WeeknightWizard's ghost
 64088 | Depths:2 | Got a vibrating platinum ring
 64089 | Depths:2 | Identified the ring "Ischoimn" {rF+ Int+4} (You found it on
                  | level 2 of the Depths)
 64297 | Depths:2 | Reached XP level 27. HP: 140/188 MP: 31/31
 64447 | Depths:2 | Noticed an ancient lich
 64448 | Depths:2 | Found the +0 mask of the Dragon {MR+ Slay+3 SInv}
 64473 | Depths:2 | Killed an ancient lich
 64484 | Depths:2 | Identified the +0 helmet "Wefyucuo" {Int+4} (You found it
                  | on level 2 of the Depths)
 64517 | Depths:2 | Identified the +1 pair of boots "Orghois" {rF+} (You found
                  | it on level 2 of the Depths)
 64784 | Zot:1    | Entered Level 1 of the Realm of Zot
 64902 | Zot:1    | Noticed an orb of fire
 64902 | Zot:1    | Gained mutation: Your body sometimes deteriorates upon
                  | taking damage. [an orb of fire]
 64905 | Zot:1    | Gained mutation: Your magical capacity is low. (-10% MP)
                  | [an orb of fire]
 64906 | Zot:1    | Gained mutation: You occasionally shout uncontrollably at
                  | your foes. [an orb of fire]
 64912 | Zot:1    | Gained mutation: Your magical capacity is very low. (-20%
                  | MP) [an orb of fire]
 64917 | Zot:1    | Gained mutation: You are dopey. (Int -2) [an orb of fire]
 64930 | Zot:1    | Killed an orb of fire
 65547 | Zot:1    | Received a gift from Okawaru
 66065 | Zot:2    | Found a transporter.
 66132 | Zot:2    | Noticed an orb of fire
 66136 | Zot:2    | Gained mutation: Armour fits poorly on your strangely
                  | shaped body. [an orb of fire]
 66142 | Zot:2    | Gained mutation: You are very dopey. (Int -4) [an orb of
                  | fire]
 66147 | Zot:2    | Gained mutation: You are very clumsy. (Dex -4) [an orb of
                  | fire]
 66151 | Zot:2    | Killed an orb of fire
 66350 | Zot:2    | Found a transporter.
 66587 | Zot:2    | Noticed an orb of fire
 67109 | Zot:2    | You fall into a shaft and drop 2 floors!
 67795 | Zot:3    | Received a gift from Okawaru
 70376 | Zot:4    | Reached skill level 15 in Invocations
 70777 | Zot:4    | Found a transporter.
 70781 | Zot:4    | Identified Hiabrin's Disquisition on Stones and Stolen
                  | Souls
 70827 | Zot:4    | Found a transporter.
 71037 | Zot:5    | Entered Level 5 of the Realm of Zot
 71037 | Zot:5    | Noticed an orb of fire
 71038 | Zot:5    | Noticed an ancient lich
 71052 | Zot:5    | Killed an ancient lich
 71052 | Zot:5    | Received a gift from Okawaru
 71403 | Zot:5    | Received a gift from Okawaru
 71520 | Zot:5    | Gained mutation: Your body often deteriorates upon taking
                  | damage. [an orb of fire]
 71537 | Zot:5    | Killed an orb of fire
 71816 | Zot:5    | Received a gift from Okawaru
 71915 | Zot:5    | Noticed an ancient lich
 71920 | Zot:5    | Killed an ancient lich
 71927 | Zot:5    | Noticed an orb of fire
 71927 | Zot:5    | Noticed an ancient lich
 71927 | Zot:5    | Noticed an ancient lich
 71940 | Zot:5    | Gained mutation: You are weak. (Str -2) [an orb of fire]
 71947 | Zot:5    | Gained mutation: You are very weak. (Str -4) [an orb of
                  | fire]
 71949 | Zot:5    | Gained mutation: Scrolls take you a little longer to read.
                  | [an orb of fire]
 71955 | Zot:5    | Killed an orb of fire
 71955 | Zot:5    | Received a gift from Okawaru
 71962 | Zot:5    | Killed an ancient lich
 71962 | Zot:5    | Received a gift from Okawaru
 71976 | Zot:5    | Killed an ancient lich
 72029 | Zot:5    | Noticed an ancient lich
 72048 | Zot:5    | Killed an ancient lich
 72194 | Zot:5    | Noticed an ancient lich
 72199 | Zot:5    | Noticed an ancient lich
 72204 | Zot:5    | Received a gift from Okawaru
 72208 | Zot:5    | Noticed an orb of fire
 72216 | Zot:5    | Noticed an orb of fire
 72217 | Zot:5    | Killed an ancient lich
 72217 | Zot:5    | Noticed an orb of fire
 72228 | Zot:5    | Killed an ancient lich
 72234 | Zot:5    | Noticed an orb of fire
 72244 | Zot:5    | Killed an orb of fire
 72619 | Zot:5    | Gained mutation: You are frail. (-10% HP) [an orb of fire]
 72633 | Zot:5    | Killed an orb of fire
 73000 | Zot:5    | Noticed an ancient lich
 73020 | Zot:5    | Killed an orb of fire
 73025 | Zot:5    | Gained mutation: You are very frail. (-20% HP) [an orb of
                  | fire]
 73038 | Zot:5    | Killed an orb of fire
 73038 | Zot:5    | Received a gift from Okawaru
 73047 | Zot:5    | Killed an ancient lich
 73326 | Zot:5    | Received a gift from Okawaru
 73359 | Zot:5    | Noticed an ancient lich
 73374 | Zot:5    | Killed an ancient lich
 73568 | Zot:5    | Lost mutation: You are very weak. (Str -4) [potion of
                  | mutation]
 73568 | Zot:5    | Lost mutation: You are weak. (Str -2) [potion of mutation]
 73568 | Zot:5    | Lost mutation: You are very frail. (-20% HP) [potion of
                  | mutation]
 73568 | Zot:5    | Lost mutation: Your body often deteriorates upon taking
                  | damage. [potion of mutation]
 73568 | Zot:5    | Gained mutation: You tend to lose your temper in combat.
                  | [potion of mutation]
 73568 | Zot:5    | Gained mutation: Your flesh is heat resistant. (rF+)
                  | [potion of mutation]
 73569 | Zot:5    | Lost mutation: Armour fits poorly on your strangely shaped
                  | body. [potion of mutation]
 73569 | Zot:5    | Lost mutation: Your body sometimes deteriorates upon taking
                  | damage. [potion of mutation]
 73569 | Zot:5    | Lost mutation: Your magical capacity is very low. (-20% MP)
                  | [potion of mutation]
 73569 | Zot:5    | Lost mutation: You are frail. (-10% HP) [potion of
                  | mutation]
 73569 | Zot:5    | Gained mutation: Scrolls take you longer to read. [potion
                  | of mutation]
 73569 | Zot:5    | Gained mutation: You are resistant to hostile enchantments.
                  | (MR+) [potion of mutation]
 73570 | Zot:5    | Lost mutation: You tend to lose your temper in combat.
                  | [potion of mutation]
 73570 | Zot:5    | Lost mutation: You are very dopey. (Int -4) [potion of
                  | mutation]
 73570 | Zot:5    | Lost mutation: Scrolls take you longer to read. [potion of
                  | mutation]
 73570 | Zot:5    | Gained mutation: Your flesh is cold resistant. (rC+)
                  | [potion of mutation]
 74295 | Crypt:1  | Entered Level 1 of the Crypt
 75251 | Crypt:2  | Received a gift from Okawaru
 75389 | Crypt:2  | Noticed Jory
 75408 | Crypt:2  | Killed Jory
 75586 | Crypt:2  | Noticed Boris
 75601 | Crypt:2  | Killed Boris
 75647 | Crypt:2  | Noticed Mara
 75659 | Crypt:2  | Killed Mara
 75691 | Crypt:2  | Got a smoking platinum amulet
 76035 | Crypt:3  | Entered Level 3 of the Crypt
 76191 | Crypt:3  | Received a gift from Okawaru
 76332 | Crypt:3  | Received a gift from Okawaru
 76475 | Crypt:3  | Found a staircase to the Tomb.
 76525 | Crypt:3  | Noticed Boris
 76536 | Crypt:3  | Killed Boris
 76594 | Crypt:3  | Found the +5 scythe "Finisher" {speed, eviscerate}
 76637 | Crypt:3  | Identified the Compendium of the Frostbite and Heat
 76664 | Crypt:3  | Found a basalt altar of Yredelemnul.
 76678 | Crypt:3  | Received a gift from Okawaru
 77304 | Crypt:3  | Identified the amulet "Gomiukim" {RegenMP rElec rF+ SInv}
                  | (You found it on level 2 of the Crypt)
 77854 | Slime:1  | Entered Level 1 of the Pits of Slime
 78064 | Slime:2  | Paralysed by a floating eye for 3 turns
 78075 | Slime:2  | Paralysed by a floating eye for 4 turns
 78083 | Slime:2  | Paralysed by a floating eye for 2 turns
 78162 | Slime:3  | Gained mutation: You are frail. (-10% HP) [a shining eye]
 78217 | Slime:5  | Entered Level 5 of the Pits of Slime
 78266 | Slime:5  | Received a gift from Okawaru
 78271 | Slime:5  | Identified the +0 pair of gloves of Eternity {rF++ MP-9
                  | Dex-2 Slay+4} (Okawaru gifted it to you on level 5 of the
                  | Pits of Slime)
 78379 | Slime:5  | Found a viscous altar of Jiyva.
 78380 | Slime:5  | Noticed the Royal Jelly
 78397 | Slime:5  | Killed the Royal Jelly
 78450 | Slime:5  | Identified Itug's Catalogue of Contamination and Cold
 78466 | Slime:5  | Got a faintly glowing iron ring
 78469 | Slime:5  | Identified the ring of Asceticism {Fire MR+} (You found it
                  | on level 5 of the Pits of Slime)
 78503 | Slime:5  | Identified the +1 pair of gloves of Gehenna {Str+4 Int+3
                  | Dex-3 SInv} (You found it on level 5 of the Pits of Slime)
 78543 | Slime:5  | Got a slimy rune of Zot
 79277 | Zot:5    | Got the Orb of Zot
 79665 | D:15     | Noticed Yptous the pandemonium lord
 79670 | D:15     | Noticed Zien Juo the pandemonium lord
 79698 | D:15     | Killed Zien Juo the pandemonium lord
 79700 | D:15     | Killed Yptous the pandemonium lord
 79703 | D:15     | Noticed Isukluim the pandemonium lord
 79707 | D:15     | Killed from afar by a Hell Sentinel

Illustrated notes

Levels and vault maps discovered:
D:1:      saegor_arrival_miasma, layout_basic
D:2:      layout_rooms, lemuel_crystal_altar, uniq_natasha, uniq_jessica
D:3:      layout_basic, old_standard_altar, old_standard_altar,
          nemelex_xobeh_ov_fountains_minmay, grunt_temple_overflow_holy_war,
          supply_closet_lemuel, uniq_sigmund
D:4:      layout_loops_corners, lemuel_crystal_altar,
          kennysheep_okawaru_gauntlet
D:5:      layout_basic, lemuel_coloured_pillars_altar, old_standard_altar,
          serial_shops, shop, first_ration, uniq_menkaure, uniq_pikel
D:6:      layout_basic, marbit_many_paths, minmay_temple_entry_enclosed_plants
D:7:      nicolae_whirlpool, layout_rooms, fedhas_bush_and_centaur_altar,
          uniq_joseph
D:8:      layout_basic, uniq_maurice
D:9:      layout_rooms, lemuel_round_altar, nicolae_overflow_crystal_walls,
          lair_entry_dummy, minivault_5
D:10:     layout_layer_cave, basic_altar
D:11:     layout_cave_pools, grunt_tengu_nest, tso_altar, uniq_erica,
          uniq_fannar
D:12:     layout_irregular_city, erik_orc_1, enter_bailey_3, grunt_tough_drop
D:13:     layout_roguey [special_room_orc], grunt_vaults_entry_fortified,
          serial_shops, shop, nicolae_shop_temple_entry_statues_fountains,
          nicolae_shop_waterfront, kennysheep_mini_moat
D:14:     kennysheep_cluttered_fort, layout_basic, basic_altar,
          kennysheep_decorative_pillar, minivault_16, uniq_kirke
D:15:     grunt_enter_depths_hoard, layout_loops_ring, serial_glass,
          glass_columns_c, glass_columns_a, glass_columns_c, glass_columns_c,
          feat_on_display, item_on_display_a, serial_bayou_shore_a,
          lemuel_flamethrower_3
Lair:1:   layout_loops_ring, grunt_megastairs_1, uniq_gastronok
Lair:2:   lemuel_reptile_caves, layout_cave_pods, swamp_mist_pool,
          grunt_megastairs_4
Lair:3:   beast_lair_carwin_large_4, layout_long_grid,
          nicolae_spider_entry_non_spiders, serial_bayou, serial_bayou_pond_e,
          serial_bayou_pond_e, serial_bayou_lake_a, serial_bayou_pond_c,
          uniq_urug
Lair:4:   layout_small_grid, gammafunk_lair_bear_cave
Lair:5:   layout_regular_city, minmay_slime_entry_pillars, portal_ice_cave_rime
Lair:6:   grunt_lair_end_beastmaster, layout_small_grid, serial_bayou_crossing
Swamp:1:  layout_falls_marsh, evilmike_swamp_ruin_house_5, swamp_pool1
Swamp:2:  layout_basic_swamp, evilmike_swamp_ruin_house_4
Swamp:3:  layout_basic_swamp, serial_swamp_ruin, evilmike_swamp_ruin_house_2,
          evilmike_swamp_ruin_wall, evilmike_swamp_ruin_house_1,
          hangedman_swamp_diagram, swamp_pool4, st_shrine_of_shade, uniq_nikola,
          uniq_bai_suzhen
Swamp:4:  swamp_fiery, layout_basic_swamp, ebering_ghost_reflecting_pool
Spider:1: cheibrodos_spider_deadly_dance, nicolae_spider_webs_and_nodes
Spider:2: layout_spider_delve
Spider:3: layout_spider_delve, nicolae_spider_webbed_stairs
Spider:4: spider_rune_water, hangedman_stitches_earthworm
Slime:1:  layout_caves
Slime:2:  layout_caves, nicolae_slime_barrier
Slime:3:  layout_caves
Slime:4:  layout_caves
Slime:5
Orc:1:    lemuel_ogre_cave, layout_caves
Orc:2:    st_orc_mages, layout_caves
Elf:1:    elf_arrival_002, layout_geoelf_octagon,
          hangedman_elven_crosses_minicolossus, grunt_megastairs_5, uniq_donald
Elf:2:    layout_geoelf_grid, serial_shops, nicolae_shop_trees, shop_statue,
          minmay_misc_feat_alley, corexii_hall_statues_l
Elf:3:    elf_hall, layout_loops_cross
Vaults:1: v_rooms_3, hangedman_vaults_maws, nicolae_vaults_little_squares_6,
          hangedman_vaults_hat, hangedman_vaults_nodes, v_misc_31,
          vaults_room_hangedman_quadrants, hangedman_vaults_stretched_pinwheel,
          grunt_vaults_funnel, nicolae_vaults_circle_grid_b,
          layout_vaults_omnicross, serial_shops, shop
Vaults:2: nicolae_vaults_twisting_passages, vaults_mumra_hex,
          ontoclasm_vaults_misaligned, v_misc_9, nicolae_vaults_alarming,
          nicolae_vaults_asterisk, vaults_room_ringed_pool, vaults_room_pools,
          st_eye, vaults_room_semicircle, vaults_standard_mumra_lines,
          nicolae_vaults_little_squares_1, v_misc_27, vaults_room_pools,
          layout_vaults_maze_bifur, serial_shops, bzr_entry_customers,
          portal_desolation_entry_nicolae_slug, mu_enter_wizlab_3, basic_altar
Vaults:3: special_room_vaults [special_room_orc], nicolae_vaults_what_the_h,
          nicolae_vaults_asterisk, vaults_room_semicircle,
          nicolae_vaults_border_crossing, v_alt_pattern_2,
          hangedman_vaults_capsules, vaults_mumra_hexcomb,
          ontoclasm_vaults_gateway, nicolae_vaults_network_star,
          layout_vaults_omnibox, dummy_crypt_entry, uniq_boris
Vaults:4: v_misc_18, hangedman_vaults_cutoff, ontoclasm_vaults_ligature,
          v_misc_28, serial_ice_g, hangedman_vaults_stagger,
          vaults_room_mumra_shop_pool, nicolae_vaults_little_squares_4,
          grunt_vaults_hallway_long, layout_vaults_quadrants
Vaults:5
Crypt:1:  layout_chaotic_city
Crypt:2:  layout_basic, uniq_mara, uniq_jory
Crypt:3:  church_of_pain_bobbens, layout_chaotic_city
Depths:1: layout_basic, serial_shops, shop, hangedman_coc_ice_floe,
          solitary_fountain, minivault_12, minmay_shop_grove, uniq_enchantress
Depths:2: evilmike_wizard_prison, layout_long_grid,
          gammafunk_ghost_berserking_beasts, hell_entry, serial_shops, shop,
          infiniplex_staircase_hallway_doors, dk_noncrumbling_2
Depths:3: grunt_profane_halls [grunt_profane_temple_coc,
          grunt_profane_temple_dis, grunt_profane_temple_geh,
          grunt_profane_temple_tar, grunt_profane_loot], hell_entry, pan_entry,
          uniq_xtahua, uniq_mennas
Depths:4: dpeg_oklob_gauntlet, layout_cave_pools, enter_ziggurat_e,
          minmay_staircase_windowed_small, abyss_entry, serial_bayou,
          serial_bayou_shore_b, serial_bayou_pond_e, serial_bayou_pond_b,
          serial_bayou_pond_a, grunt_hell_entry_dis_mu, serial_shops, shop,
          minmay_shop_mayhem
Depths:5: evilmike_zot_entry_gauntlet, layout_basic, hell_entry,
          grunt_decor_mini_mirrors, minmay_misc_feat_more_columns
Zot:1:    layout_gridlike
Zot:2:    gammafunk_the_bubble [the_bubble_gammafunk_split],
          layout_cellular_growth, grunt_ministairs_11, lemuel_elevator
Zot:3:    nicolae_zot_stationary_front, layout_gridlike
Zot:4:    gammafunk_dig_for_victory, layout_misc_corridors, grunt_megastairs_2
Zot:5:    layout_gridlike

Skill      XL: |  1  2  3  4  5  6  7  8  9 10 11 12 13 14 15 16 17 18 19 20 21 22 23 24 25 26 27 |
---------------+----------------------------------------------------------------------------------+-----
Fighting       | 4 5 6 8 9 11 12 13 14 15 16 17 18 19 20 21 22 23 26 | 26.0
Maces & Flails | 3 4 5 7 8 9 10 11 12 13 14 15 16 17 18 19 20 21 24 | 24.2
Armour         | 5 8 9 10 12 13 14 15 16 17 18 19 20 21 24 | 24.8
Shields        | 5 8 9 10 11 12 14 15 16 17 18 19 20 21 22 26 | 26.1
Invocations    | 3 6 8 9 10 19 | 19.1
Throwing       | 3 5 7 9 10 | 10.0
Dodging        | 1 4 6 8 10 | 10.0

Action                   |  1- 3 |  4- 6 |  7- 9 | 10-12 | 13-15 | 16-18 | 19-21 | 22-24 | 25-27 || total
-------------------------+-------+-------+-------+-------+-------+-------+-------+-------+-------++-------
Melee: Flail             |   129 |   134 |   137 |       |       |       |       |       |       ||   400
       Whip              |       |       |   276 |   590 |       |       |       |       |       ||   866
       Demon whip        |       |       |       |   526 |  2207 |  1936 |  1686 |  1872 |  2696 || 10923
       Sacred scourge    |       |       |       |       |       |       |       |       |   809 ||   809
Throw: Boomerang         |       |       |       |       |     2 |    17 |       |    24 |    32 ||    75
       Javelin           |       |       |       |       |       |       |       |       |    10 ||    10
Invok: Heroism           |       |       |       |     5 |     2 |     5 |     7 |     5 |    20 ||    44
       Finesse           |       |       |       |       |       |     1 |     2 |     3 |    19 ||    25
 Abil: Stop Flying       |       |       |     1 |     1 |     2 |     1 |       |       |       ||     5
       Evoke Flight      |       |       |       |     1 |     1 |       |       |       |       ||     2
       Fly               |       |       |       |       |     1 |     1 |       |       |       ||     2
Evoke: Wand              |       |       |       |     4 |     1 |     2 |       |       |    10 ||    17
  Use: Scroll            |     3 |     4 |    13 |     5 |     9 |     9 |     9 |    18 |    33 ||   103
       Potion            |       |     1 |       |       |       |     5 |     3 |     2 |    16 ||    27
 Stab: Distracted        |       |       |       |       |     1 |       |     1 |       |       ||     2
       Invisible         |       |       |       |       |       |       |       |     1 |       ||     1
       Confused          |       |       |       |       |       |       |       |       |     3 ||     3
  Eat: Chunk             |     1 |     5 |    14 |    24 |    37 |    30 |    27 |    25 |    37 ||   200
       Ration            |       |       |       |       |       |     3 |     2 |     3 |    10 ||    18
Armor: Scale mail        |    90 |    45 |       |       |       |       |       |       |       ||   135
       Chain mail        |       |    21 |   182 |   230 |       |       |       |       |       ||   433
       Plate armour      |       |       |       |   147 |   604 |   792 |   431 |   244 |       ||  2218
       Gold dragon scale |       |       |       |       |       |       |       |   303 |   851 ||  1154
       Skin              |       |       |       |       |       |       |       |       |     2 ||     2
Dodge: Dodged            |    54 |    47 |   132 |   269 |   415 |   388 |   131 |   239 |   376 ||  2051
Block: Kite shield       |    88 |    54 |   175 |   508 |  1258 |  1166 |       |       |       ||  3249
       Reflection        |       |       |       |       |    11 |    16 |    74 |   107 |   111 ||   319
       Tower shield      |       |       |       |       |       |   627 |  1590 |  1518 |  3054 ||  6789
